 Dungeon Crawl Stone Soup version 0.28-a0-821-g923ab73998 (webtiles) character file.

Game seed: 2924543150650261913

14 IndexError the Caller (level 2, 0/20 HPs)
             Began as a Gnoll Summoner on Nov 9, 2021.
             Slain by a quokka (2 damage)
             ... on level 1 of the Dungeon.
             The game lasted 00:01:23 (476 turns).

IndexError the Caller (Gnoll Summoner)               Turns: 476, Time: 00:01:24

Health: 0/20       AC:  2    Str:  7    XL:     2   Next: 45%
Magic:  6/7        EV: 13    Int: 14    God:
Gold:   24         SH:  0    Dex: 12    Spells: 9/10 levels left

rFire   . . .      SeeInvis .   c - +0 dagger
rCold   . . .      Faith    .   (no shield)
rNeg    . . .      Spirit   .   a - +0 robe
rPois   .          Reflect  .   (no helmet)
rElec   .          Harm     .   (no cloak)
rCorr   .          Rampage  .   (no gloves)
Will    .....                   (no boots)
Stlth   ++........              (no amulet)
HPRegen 0.06/turn               (no ring)
MPRegen 0.10/turn               (no ring)

@: no status effects
A: fangs 1, strong nose, distributed training
a: no special abilities


You were on level 1 of the Dungeon.
You visited 1 branch of the dungeon, and saw 1 of its levels.

You collected 24 gold pieces.

Inventory:

Hand Weapons
 c - a +0 dagger (weapon)
   (You took it off a goblin on level 1 of the Dungeon)
Armour
 a - a +0 robe (worn)
Scrolls
 b - a scroll of torment {unknown}
 d - a scroll of immolation {unknown}
 e - a scroll of teleportation {unknown}
 f - a scroll of enchant armour {unknown}
 g - a scroll of magic mapping {unknown}


   Skills:
 + Level 0.4 Fighting
 + Level 0.4 Short Blades
 + Level 0.4 Long Blades
 + Level 0.4 Axes
 + Level 0.4 Maces & Flails
 + Level 0.4 Polearms
 + Level 0.4 Staves
 + Level 0.4 Slings
 + Level 0.4 Bows
 + Level 0.4 Crossbows
 + Level 0.4 Throwing
 + Level 0.4 Armour
 + Level 4.5 Dodging
 + Level 4.1 Stealth
 + Level 0.4 Shields
 + Level 0.4 Unarmed Combat
 + Level 4.9 Spellcasting
 + Level 0.2 Conjurations
 + Level 0.2 Hexes
 + Level 7.0 Summonings
 + Level 0.2 Necromancy
 + Level 0.2 Translocations
 + Level 0.2 Transmutations
 + Level 0.2 Fire Magic
 + Level 0.2 Ice Magic
 + Level 0.2 Air Magic
 + Level 0.2 Earth Magic
 + Level 0.2 Poison Magic
 + Level 0.5 Invocations
 + Level 0.4 Evocations


You had 9 spell levels left.
You knew the following spells:

 Your Spells              Type           Power      Damage    Failure   Level
a - Summon Small Mammal   Summ           92%        N/A       1%          1

Your spell library contained the following spells:

 Spells                   Type           Power      Damage    Failure   Level
 Call Imp                 Summ           23%        N/A       1%          2
 Call Canine Familiar     Summ           23%        N/A       3%          3
 Summon Guardian Golem    Hex/Summ       13%        N/A       12%         3
 Summon Lightning Spire   Summ/Air       13%        N/A       36%         4


Dungeon Overview and Level Annotations

Branches:
Dungeon (1/15)

Altars:


Innate Abilities, Weirdness & Mutations

You have very sharp teeth.
Your uncanny sense of smell can sniff out nearby items.
Your experience applies equally to all skills.


Message History

HP restored.
You now have 12 gold pieces.
e - a scroll labelled IMAVETS KOEFAT Health restored: 20 You see here 16 poisoned darts.
You see here a ball python skeleton.
Things that are here:
a +0 dagger; 3 stones
Found a stone staircase leading down.
You see here 12 gold pieces.
A ball python is nearby!
A ball python is nearby!
Casting: Summon Small Mammal (safe; 1% risk of failure)
Confirm with . or Enter, or press ? or * to list all spells.
You now have 6/7 mp.
Casting: Summon Small Mammal (safe; 1% risk of failure)
Confirm with . or Enter, or press ? or * to list all spells.
You now have 5/7 mp.
Casting: Summon Small Mammal (safe; 1% risk of failure)
Confirm with . or Enter, or press ? or * to list all spells.
Your bat disappears in a puff of smoke!
You now have 4/7 mp.
You hit the ball python. Your bite misses the ball python.
The ball python bites you but does no damage.
The ball python completely misses you.
You barely miss the ball python. Your bat hits the ball python.
The ball python bites you but does no damage.
The ball python misses you.
Your rat barely misses the ball python.
Your bat hits the ball python.
No target in view!
Your rat disappears in a puff of smoke!
Your bat disappears in a puff of smoke!
You now have 24 gold pieces (gained 12).
f - a scroll labelled HODUB GUDWA MP restored: 7 A bat comes into view.
A bat is nearby!
The helpless bat fails to defend itself.
You puncture the bat!
Found a stone staircase leading down.
g - a scroll labelled UXETYL LUOLLEW A goblin comes into view.
It is wielding a +0 club.
You see here 11 gold pieces.
You see here 12 sling bullets.
The goblin shouts!
You hear an angry hiss.
The goblin hits you but does no damage.
You hear a shout!
You closely miss the goblin. The goblin barely misses you.
Casting: Summon Small Mammal (safe; 1% risk of failure)
Confirm with . or Enter, or press ? or * to list all spells.
The goblin hits you but does no damage.
You now have 6/7 mp.
You completely miss the goblin. The goblin barely misses you.
You hit the goblin. The goblin closely misses you.
You closely miss the goblin.
A quokka comes into view.
The goblin hits you but does no damage.
Your quokka closely misses the goblin.
You closely miss the goblin.
Your quokka barely misses the goblin.
A goblin comes into view. It is wielding a +0 club.
The goblin hits you with a +0 club. The quokka bites your quokka.
You take 2 damage, and have 18/20 hp.
You hit the goblin. The quokka closely misses your quokka.
You swap places.
The quokka barely misses you.
You hit the quokka but do no damage. Your bite misses the quokka.
The quokka barely misses you. The goblin hits you with a +0 club.
You take 2 damage, and have 16/20 hp.
You hit the quokka but do no damage. The quokka bites you.
The goblin barely misses you.
Your quokka closely misses the quokka.
You take 2 damage, and have 14/20 hp.
You hit the quokka but do no damage. The quokka bites you.
Your quokka bites the quokka but does no damage.
A frilled lizard comes into view.
The goblin hits you with a +0 club.
You take 7 damage, and have 7/20 hp.
MASSIVE DAMAGE!!
Your quokka completely misses the quokka.
The quokka misses you.
MP restored: 7 Your quokka bites the quokka but does no damage.
The goblin closely misses you.
You see here 12 sling bullets.
Your quokka misses the frilled lizard.
You see here 11 gold pieces.
Your quokka completely misses the frilled lizard.
The quokka misses you.
Casting: Summon Small Mammal (safe; 1% risk of failure)
Confirm with . or Enter, or press ? or * to list all spells.
The quokka closely misses you.
Your quokka barely misses the goblin.
You now have 6/7 mp.
Your quokka bites the goblin.
You swap places.
The quokka bites you.
* * * LOW HITPOINT WARNING * * *
Your quokka closely misses the quokka.
The quokka bites you.
* * * LOW HITPOINT WARNING * * *
You take 6 damage, and have 2/20 hp.
MASSIVE DAMAGE!!
Your quokka bites the quokka.
Your quokka barely misses the quokka.
Something bites your quokka.
You hit the quokka. The quokka closely misses you.
Your quokka closely misses the quokka.
The quokka bites you.
You die...

#.......##.....#####.###
#.....#.##...÷.†.....#
#.....#.##.......##### ###
#(...........(.......### #..
#$....#..###....###.....
#.##.....##........# ####..
#..#r....#..#.#....# ##.
+....#####.##......# ##
####.##.rr@####....#
#....r.l#### #....# ####
#>...[......######### ###...
#.....######.....#######...##
#...... #####...##....###
...###########.........####
... ........####..### ..
.######## ##..# ∆ ##.#


You could see a quokka (ally target), a frilled lizard and 2 friendly quokkas.

Vanquished Creatures
  A giant cockroach (D:1)
  A goblin (D:1)
  A kobold (D:1)
  A ball python (D:1)
  A bat (D:1)
5 creatures vanquished.

Vanquished Creatures (collateral kills)
  5 ball pythons (D:1)
  3 goblins (D:1)
  A rat (D:1)
9 creatures vanquished.

Grand Total: 14 creatures vanquished

Notes
Turn   | Place    | Note
-------+----------+-------------------------------------------
     0 | D:1      | IndexError the Gnoll Summoner began the quest for the Orb.
     0 | D:1      | Reached XP level 1. HP: 13/13 MP: 6/6
    91 | D:1      | Reached XP level 2. HP: 8/19 MP: 5/7
   470 | D:1      | HP: 2/20 [quokka (4)]
   476 | D:1      | Slain by a quokka

Illustrated notes

Levels and vault maps discovered:
D:1:      dpeg_arrival_rhombus, layout_rooms, ebering_ecumenical_altar_mist,
          dk_noncrumbling_3, minmay_heptomino_d4

Action                   || total
-------------------------++-------
Melee: Unarmed           ||     7
       Dagger            ||    20
 Cast: Summon Small Mamm ||    10
 Stab: Sleeping          ||     1
Armor: Robe              ||     7
Dodge: Dodged            ||    28

Table legend: (Time is in decaauts)
 A = Elapsed time spent in this place.
 B = Non-inter-level travel time spent in this place.
 C = Inter-level travel time spent in this place.
 D = Time resting spent in this place.
 E = Time spent auto-exploring this place.
 F = Levels seen in this place.
 G = Mean time per level.
                   A        B        C        D        E       F      G
               +--------+--------+--------+--------+--------+-----+--------+
         Total |    475 |    475 |      0 |      0 |    339 |   1 |  475.0 |
       Dungeon |    475 |    475 |      0 |      0 |    339 |   1 |  475.0 |
               +--------+--------+--------+--------+--------+-----+--------+

Top non-repeatable levels by time:
     D:1: 475 daAuts

Table legend:
 A = Kills in this place as a percentage of kills in entire the game.
 B = Kills by you in this place as a percentage of kills by you in the entire game.
 C = Kills by friends in this place as a percentage of kills by friends in the entire game.
 D = Other kills in this place as a percentage of other kills in the entire game.
 E = Experience gained in this place as a percentage of experience gained in the entire game.
 F = Experience gained in this place divided by the number of levels of this place that you have seen.
                   A       B       C       D       E      F
               +-------+-------+-------+-------+-------+----------------------
         Total | 100.0 | 100.0 | 100.0 |   N/A | 100.0 |  21.0
       Dungeon | 100.0 | 100.0 | 100.0 |   N/A | 100.0 |  21.0
               +-------+-------+-------+-------+-------+----------------------
